[Event "Titled Tuesday Blitz June 13 Early 2023"]
[White "Ahmad, Khagan"]
[Black "agvania123"]
[WhiteFideId "13431552"]
[WhiteElo "2209"]
[BlackElo "2251"]
[Result "1-0"]
[Round "1"]
[TimeControl "180+2"]
[Date "2023.06.13"]
[WhiteClock "0:00:12"]
[BlackClock "0:00:23"]
[Board "184"]

1. d4 Nf6 2. Nc3 d5 3. Bf4 e6 4. e3 Bb4 5. Ne2 O-O 6. a3 Bd6 7. Bxd6 Qxd6 8. Nf4 b6 9. Nb5 Qd7 10. c4 dxc4 11. Bxc4 a6 12. Nc3 Bb7 13. Bd3 c5 14. dxc5 e5 15. Nfe2 bxc5 16. O-O Nc6 17. Ng3 Rfd8 18. Bc2 Qe6 19. Qe2 g6 20. Rfd1 Na5 21. Rac1 c4 22. Nge4 Nxe4 23. Bxe4 f5 24. Bxb7 Nxb7 25. e4 Nc5 26. Nd5 Rac8 27. Qxc4 Kh8 28. exf5 gxf5 29. Ne3 Rxd1+ 30. Rxd1 Qxc4 31. Nxc4 Na4 32. b3 Nc3 33. Rd3 Ne2+ 34. Kf1 Nd4 35. f4 Nxb3 36. Nxe5 Rc1+ 37. Kf2 Nc5 38. Rd8+ Kg7 39. Kg3 Ne4+ 40. Kh3 Rc3+ 41. g3 Rc2 42. Rd7+ Kf6 43. Rxh7 Nf2+ 44. Kh4 Ne4 45. Rh6+ Ke7 46. h3 Rc3 47. g4 Nf2 48. Kg5 fxg4 49. hxg4 Ne4+ 50. Kf5 Ng3+ 51. Kg6 Rxa3 52. f5 Ne4 53. Rh7+ Kd6 54. Nc4+ 1-0


[Site "https://www.chess.com"]

[Event "Titled Tuesday Blitz June 13 Early 2023"]
[White "Leschinsky, Gary"]
[Black "Mortazavi, Ali"]
[WhiteFideId "30951321"]
[BlackFideId "401323"]
[WhiteElo "2020"]
[BlackElo "2339"]
[Result "0-1"]
[Round "1"]
[TimeControl "180+2"]
[Date "2023.06.13"]
[WhiteClock "0:00:00"]
[BlackClock "0:00:17"]
[Board "185"]

1. d4 Nf6 2. c4 g6 3. Nc3 Bg7 4. e4 O-O 5. Be2 d6 6. Be3 c5 7. dxc5 Qa5 8. Bd2 dxc5 9. Nf3 Nc6 10. O-O Qb6 11. Qc1 Nd4 12. Nxd4 cxd4 13. Nd5 Nxd5 14. exd5 Bf5 15. b3 d3 16. Bf3 Bxa1 17. Qxa1 f6 18. Re1 Rf7 19. Qc3 Rc8 20. g4 Bd7 21. Qxd3 Qd6 22. Qe3 a6 23. a3 Qxa3 24. Rc1 Qd6 25. b4 Qe5 26. Qxe5 fxe5 27. Be2 e4 28. Be3 Rd8 29. c5 Bb5 30. Bxb5 axb5 31. Rd1 e6 32. d6 Kf8 33. Rd4 Ke8 34. Rxe4 Kd7 35. Kg2 Ra8 36. Rd4 Ra4 37. h3 Kc6 38. Re4 Kd5 39. Rd4+ Kc6 40. h4 e5 41. Re4 Kd5 42. f3 Ra3 43. Kf2 Rc3 44. h5 gxh5 45. gxh5 Rc4 46. Ke2 Rxe4 47. fxe4+ Kxe4 48. h6 Kd5 49. Kd3 Kc6 50. Ke4 Rf1 51. Kxe5 Re1 52. Kd4 Rd1+ 53. Ke4 Kd7 54. Bf4 Ke6 55. Be3 Rb1 56. Bd2 Rd1 57. Kd3 Rh1 58. Ke2 Rh4 59. Bc3 Rc4 60. Kd3 Rh4 61. Bd2 Rh3+ 62. Kc2 Rh5 63. Kd3 Kd7 64. Kc3 Kc6 65. Kd4 Rh4+ 66. Kd3 Rg4 67. Bc3 Rg3+ 68. Kc2 Rh3 69. Bd2 Kd7 70. Kd1 Ke6 71. Kc2 Rh2 72. Kb2 Rh4 73. Kc2 Rd4 74. Kc3 Rd5 75. Be3 Kf5 76. Bf2 Ke4 77. Bh4 Rd3+ 78. Kc2 Rd5 79. Be7 Rd4 80. Kc3 Rc4+ 81. Kb3 Rd4 82. Kc3 Rd5 83. Kc2 Kf5 84. Kc3 Ke6 85. Bf8 Rf5 86. Bg7 Rf4 87. Bd4 Rh4 88. Bg7 b6 89. cxb6 Kxd6 90. Bd4 Kc6 0-1


[Site "https://www.chess.com"]

[Event "Titled Tuesday Blitz June 13 Early 2023"]
[White "Spata, German"]
[Black "Tuleyeva-Aketayeva, Dana"]
[WhiteFideId "113026"]
[BlackFideId "13701932"]
[WhiteElo "2260"]
[BlackElo "2030"]
[Result "1-0"]
[Round "1"]
[TimeControl "180+2"]
[Date "2023.06.13"]
[WhiteClock "0:00:55"]
[BlackClock "0:00:00"]
[Board "186"]

1. Nf3 Nf6 2. d4 e6 3. e3 d5 4. Be2 c5 5. O-O Be7 6. b3 O-O 7. Bb2 Nc6 8. Nbd2 a6 9. c4 Ne4 10. cxd5 exd5 11. Rc1 cxd4 12. Nxd4 Nxd4 13. Bxd4 Be6 14. Bf3 Ng5 15. Qc2 Nxf3+ 16. Nxf3 Rc8 17. Qb2 f6 18. Rxc8 Qxc8 19. Rc1 Qd7 20. Bc5 Bf7 21. Nd4 Rc8 22. Bxe7 Rxc1+ 23. Qxc1 Qxe7 24. Qc8+ Be8 25. Qe6+ Qxe6 26. Nxe6 Bc6 27. Kf1 Kf7 28. Nd4 g6 29. Ke2 Ke7 30. Kd3 Kd6 31. Kc3 Bd7 32. Kb4 b6 33. Kc3 h5 34. Ne2 g5 35. Kd4 h4 36. Nc3 Bc6 37. g3 hxg3 38. fxg3 Ke6 39. h4 gxh4 40. gxh4 b5 41. b4 f5 42. Ne2 Kf6 43. Nf4 Kg7 44. Ke5 Kh6 45. Kxf5 Be8 46. Ke6 a5 47. bxa5 b4 48. a6 1-0


[Site "https://www.chess.com"]

[Event "Titled Tuesday Blitz June 13 Early 2023"]
[White "Andreassen, Lars"]
[Black "Bodnaruk, Anastasia"]
[WhiteFideId "1504878"]
[BlackFideId "4181751"]
[WhiteElo "2119"]
[BlackElo "2304"]
[Result "1-0"]
[Round "1"]
[TimeControl "180+2"]
[Date "2023.06.13"]
[WhiteClock "0:00:02"]
[BlackClock "0:00:00"]
[Board "187"]

1. d4 Nf6 2. Nf3 g6 3. c4 Bg7 4. Nc3 O-O 5. h3 d6 6. e4 e5 7. Be3 exd4 8. Nxd4 Re8 9. Bd3 Na6 10. O-O Nc5 11. f3 Nxd3 12. Qxd3 Nh5 13. Rad1 Ng3 14. Rf2 h5 15. Nde2 h4 16. Nxg3 hxg3 17. Rfd2 Be6 18. Nd5 f5 19. Nf4 fxe4 20. fxe4 Bf7 21. Nd5 Be5 22. Bf4 Bxf4 23. Nxf4 Qh4 24. Rf1 Re5 25. b3 Kg7 26. Qc3 Kg8 27. Qd3 Rae8 28. Re2 Qg5 29. Nd5 Bxd5 30. cxd5 Qh4 31. Rf3 Rxe4 32. Rxe4 Qxe4 33. Qxe4 Rxe4 34. Rxg3 Kg7 35. Rc3 Re7 36. Kf2 Kf6 37. Rf3+ Kg5 38. Rc3 Kf6 39. Rf3+ Kg5 40. Rc3 a5 41. a4 b6 42. g3 Rh7 43. Kg2 Kf6 44. Rf3+ Ke5 45. g4 Kxd5 46. Rf6 g5 47. Rf5+ Kd4 48. Rxg5 d5 49. Rf5 Ke4 50. Kg3 d4 51. Rf4+ Ke3 52. Rf3+ Kd2 53. g5 d3 54. h4 Kc2 55. g6 Rh8 56. Kg4 d2 57. Rf2 Kc3 58. Rxd2 Kxd2 59. h5 Kc3 60. g7 Rd8 61. h6 Kxb3 62. h7 c5 63. g8=Q+ Rxg8+ 64. hxg8=Q+ c4 65. Qe6 Kc3 66. Qxb6 1-0


[Site "https://www.chess.com"]

[Event "Titled Tuesday Blitz June 13 Early 2023"]
[White "Zhao, Erick"]
[Black "Kiseleva, Arina"]
[WhiteFideId "30946930"]
[BlackFideId "4164989"]
[WhiteElo "2581"]
[BlackElo "1701"]
[Result "1-0"]
[Round "1"]
[TimeControl "180+2"]
[Date "2023.06.13"]
[WhiteClock "0:01:45"]
[BlackClock "0:00:19"]
[Board "188"]

1. e4 c6 2. c4 d5 3. cxd5 cxd5 4. exd5 Nf6 5. Nc3 a6 6. Qb3 g6 7. Nf3 Bg7 8. d4 O-O 9. Be2 b5 10. a4 bxa4 11. Qxa4 Bb7 12. O-O Nxd5 13. Bg5 h6 14. Bh4 Nf4 15. Rfe1 Nxe2+ 16. Rxe2 Bxf3 17. Bxe7 Qxd4 18. Qxd4 Bxd4 19. Bxf8 Bxe2 20. Nxe2 Bxb2 21. Rb1 Kxf8 22. Rxb2 a5 23. Nc3 Nc6 24. g4 g5 25. Rb6 Rc8 26. Kg2 Kg7 27. Ne4 Ne5 28. h3 Rc2 29. Ng3 f6 30. Nh5+ Kh7 31. Nxf6+ Kg7 32. Nh5+ Kh7 33. Nf6+ Kg7 34. Ne4 Nd3 35. Ng3 Rxf2+ 36. Kg1 Rf6 37. Nh5+ 1-0


[Site "https://www.chess.com"]

[Event "Titled Tuesday Blitz June 13 Early 2023"]
[White "Mirzanurov, Bulat"]
[Black "Thecourseoisildur"]
[WhiteFideId "4184521"]
[WhiteElo "2005"]
[BlackElo "2580"]
[Result "0-1"]
[Round "1"]
[TimeControl "180+2"]
[Date "2023.06.13"]
[WhiteClock "0:00:00"]
[BlackClock "0:00:28"]
[Board "189"]

1. e4 c5 2. Nf3 d6 3. d4 cxd4 4. Nxd4 Nf6 5. Nc3 a6 6. f3 e5 7. Nb3 Be6 8. Be3 h5 9. Nd5 Bxd5 10. exd5 g6 11. Qd2 Bg7 12. Be2 Nbd7 13. O-O Qc7 14. Rac1 O-O 15. c4 b6 16. Rfd1 a5 17. Qc2 Rae8 18. Nd2 Nc5 19. a3 e4 20. fxe4 Nfxe4 21. Nxe4 Rxe4 22. Bf2 a4 23. Kh1 Rfe8 24. Bf3 R4e7 25. Bxc5 Qxc5 26. Qd2 Kh7 27. Rb1 Bh6 28. Qc2 Qe3 29. Qc3 Qxc3 30. bxc3 Be3 31. g3 Bc5 32. Rd3 Re3 33. Rxe3 Rxe3 34. Bd1 Rxc3 35. Bxa4 Rxc4 36. Bb3 Rc3 37. a4 Kg7 38. Kg2 Kf6 39. Kf1 Ke5 40. Ke2 f5 41. Kd2 Kd4 42. Ba2 Rf3 43. Ke2 Ke4 44. Rb3 Rf2+ 45. Ke1 Rxa2 0-1


[Site "https://www.chess.com"]

[Event "Titled Tuesday Blitz June 13 Early 2023"]
[White "Skliarov, Viktor"]
[Black "De Souza, Cristiano Gomes"]
[WhiteFideId "14106736"]
[BlackFideId "2151758"]
[WhiteElo "2317"]
[BlackElo "2068"]
[Result "1-0"]
[Round "1"]
[TimeControl "180+2"]
[Date "2023.06.13"]
[WhiteClock "0:00:09"]
[BlackClock "0:00:10"]
[Board "190"]

1. e4 c5 2. Nf3 d6 3. d4 cxd4 4. Qxd4 Nf6 5. Nc3 Nc6 6. Bb5 Bd7 7. Bxc6 Bxc6 8. Bg5 e6 9. O-O-O Be7 10. Rhe1 h6 11. Bh4 a6 12. Kb1 Qc7 13. Bxf6 Bxf6 14. Qxd6 Qb6 15. e5 Rd8 16. Qa3 Rxd1+ 17. Nxd1 Be7 18. Qb3 Qxb3 19. axb3 Bxf3 20. gxf3 Bc5 21. c3 Ke7 22. b4 Bb6 23. Kc2 Rd8 24. Ne3 g5 25. Rd1 Rxd1 26. Kxd1 Bc7 27. Ng4 h5 28. Nf6 Bxe5 29. Nxh5 Bxh2 30. Ng3 f5 31. Ke2 Kf6 32. b3 e5 33. c4 Ke6 34. Nf1 Bf4 35. Kd3 b6 36. Ne3 Bxe3 37. Kxe3 Kd6 38. Kd3 Kc6 39. Kd2 a5 40. bxa5 bxa5 41. Ke3 Kc5 42. Kd3 Kb4 43. Kc2 a4 44. bxa4 Kxc4 45. a5 Kb5 46. Kc3 Kxa5 47. Kc4 Kb6 48. Kd5 e4 49. Ke5 exf3 50. Kxf5 Kc5 51. Kxg5 Kd4 52. Kf4 Kd5 53. Kxf3 Ke5 54. Ke3 Kf5 55. Kf3 Kg5 56. Ke4 Kg6 57. Ke5 Kg7 58. f4 Kf7 59. Kf5 Kf8 60. Kf6 Ke8 61. Kg7 Ke7 62. f5 Ke8 63. f6 Kd7 64. f7 1-0


[Site "https://www.chess.com"]

[Event "Titled Tuesday Blitz June 13 Early 2023"]
[White "Luxama, Jacques Muller"]
[Black "Czerw, Dawid"]
[WhiteFideId "11900113"]
[BlackFideId "1145746"]
[WhiteElo "1931"]
[BlackElo "2144"]
[Result "0-1"]
[Round "1"]
[TimeControl "180+2"]
[Date "2023.06.13"]
[WhiteClock "0:00:40"]
[BlackClock "0:01:32"]
[Board "191"]

1. e4 c5 2. Nf3 Nc6 3. d4 cxd4 4. Nxd4 g6 5. Nc3 Bg7 6. Be3 Nf6 7. Bc4 Qa5 8. O-O O-O 9. h3 d6 10. Bb3 Bd7 11. Qd2 Nxd4 12. Bxd4 Nxe4 13. Nxe4 Qxd2 14. Nxd2 Bxd4 15. c3 Bg7 16. Rfe1 Rfe8 17. Rad1 Bc6 18. f3 Rad8 19. Nc4 b6 20. Ne3 e6 21. Rd3 d5 22. Red1 Rc8 23. Nc2 Bb5 24. R3d2 Bh6 25. Rd4 a5 26. Kf2 Bf8 27. R4d2 Bc5+ 28. Kg3 a4 0-1


[Site "https://www.chess.com"]

[Event "Titled Tuesday Blitz June 13 Early 2023"]
[White "Camilla_Lee"]
[Black "EdmundPlayer"]
[WhiteElo "2574"]
[BlackElo "2221"]
[Result "0-1"]
[Round "1"]
[TimeControl "180+2"]
[Date "2023.06.13"]
[WhiteClock "0:00:12"]
[BlackClock "0:00:14"]
[Board "192"]

1. e4 e6 2. d4 d5 3. Nc3 Bb4 4. exd5 exd5 5. Bd3 Nc6 6. Ne2 Nge7 7. O-O Bf5 8. a3 Bxd3 9. Qxd3 Bxc3 10. Nxc3 Qd7 11. Re1 O-O 12. Bf4 a6 13. Rad1 Nf5 14. Ne2 Nce7 15. c3 c6 16. f3 Ng6 17. Bc1 Rfe8 18. Ng3 Nxg3 19. hxg3 Rxe1+ 20. Rxe1 Re8 21. Kf2 Rxe1 22. Kxe1 Ne7 23. g4 Nc8 24. Bf4 Nb6 25. Qe2 Qe6 26. Qxe6 fxe6 27. Kd2 Nc4+ 28. Kc2 Kf7 29. b3 Nxa3+ 30. Kd3 g6 31. c4 dxc4+ 32. bxc4 b5 33. c5 Nc4 34. Ke4 a5 35. Bc1 a4 36. Kd3 Kf6 37. Kc3 e5 38. g5+ Ke6 39. dxe5 Kxe5 40. f4+ Kd5 41. g4 Ke4 42. Kb4 a3 43. Bxa3 Nxa3 44. Kxa3 Kxf4 0-1


[Site "https://www.chess.com"]

[Event "Titled Tuesday Blitz June 13 Early 2023"]
[White "Rodriguez Polo, Mateo"]
[Black "Chor, Kevin"]
[WhiteFideId "24509396"]
[BlackFideId "2090740"]
[WhiteElo "2117"]
[BlackElo "2571"]
[Result "1/2-1/2"]
[Round "1"]
[TimeControl "180+2"]
[Date "2023.06.13"]
[WhiteClock "0:00:05"]
[BlackClock "0:00:12"]
[Board "193"]

1. Nf3 c5 2. b4 cxb4 3. e4 d5 4. exd5 Nf6 5. a3 e5 6. dxe6 Bxe6 7. axb4 Bxb4 8. c3 Be7 9. Bb5+ Nc6 10. Nd4 Bd5 11. Nxc6 bxc6 12. Bf1 O-O 13. c4 Be6 14. Be2 Qd4 15. Ra4 Ne4 16. O-O Bc5 17. Qe1 f5 18. d3 Nf6 19. Be3 Qd6 20. Bxc5 Qxc5 21. Qb4 Qe5 22. Bf3 Rab8 23. Qc3 Qc7 24. Nd2 c5 25. Rfa1 Rf7 26. h3 g5 27. Ra6 Re8 28. Rxa7 Qf4 29. Rxf7 Kxf7 30. Ra7+ Nd7 31. Nf1 g4 32. hxg4 fxg4 33. Bd5 Re7 34. Ng3 Bxd5 35. cxd5 Nf6 36. Rxe7+ Kxe7 37. Ne4 Nxe4 38. Qg7+ Kd6 39. dxe4 Qc1+ 40. Kh2 Qf4+ 41. Kg1 Qc1+ 42. Kh2 Qf4+ 43. Kg1 1/2-1/2


[Site "https://www.chess.com"]

[Event "Titled Tuesday Blitz June 13 Early 2023"]
[White "Budrewicz, Krzysztof"]
[Black "Acikel, Mert"]
[WhiteFideId "1127950"]
[BlackFideId "12956465"]
[WhiteElo "2230"]
[BlackElo "2097"]
[Result "0-1"]
[Round "1"]
[TimeControl "180+2"]
[Date "2023.06.13"]
[WhiteClock "0:00:42"]
[BlackClock "0:00:21"]
[Board "194"]

1. d4 d5 2. c4 e6 3. Nc3 Nf6 4. Nf3 Be7 5. Bf4 O-O 6. e3 Nbd7 7. Rc1 c5 8. cxd5 Nxd5 9. Nxd5 exd5 10. dxc5 Nxc5 11. a3 Bf5 12. Be2 h6 13. O-O Rc8 14. Qd4 Bf6 15. Be5 Bxe5 16. Nxe5 Nb3 17. Qf4 Nxc1 18. Bb5 a6 19. Ba4 b5 20. Bd1 Be6 21. Bh5 Qf6 22. Qg3 Qg5 23. Qxg5 hxg5 24. Bd1 f6 25. Nf3 Nd3 26. Nd4 Bf7 27. b4 Rc1 28. Nf5 Rd8 29. f3 Kf8 30. Be2 Rxf1+ 31. Kxf1 Nb2 32. Nd4 Rc8 33. Kf2 Rc3 34. f4 gxf4 35. exf4 Rxa3 36. Bg4 Rc3 37. Ke2 Rc4 38. Nf5 Rxf4 39. Bh3 Rxb4 40. Kd2 Nc4+ 41. Kc3 Rb1 42. g4 b4+ 43. Kd4 b3 0-1


[Site "https://www.chess.com"]

[Event "Titled Tuesday Blitz June 13 Early 2023"]
[White "Xavier_mompel"]
[Black "Shuvalov, Evgenij"]
[BlackFideId "4187237"]
[WhiteElo "2194"]
[BlackElo "2080"]
[Result "0-1"]
[Round "1"]
[TimeControl "180+2"]
[Date "2023.06.13"]
[WhiteClock "0:00:00"]
[BlackClock "0:00:16"]
[Board "195"]

1. e4 e6 2. d4 d5 3. Nc3 Bb4 4. e5 c5 5. a3 Bxc3+ 6. bxc3 Nc6 7. Qg4 g6 8. Nf3 Qa5 9. Bd2 c4 10. Be2 Bd7 11. O-O O-O-O 12. Ng5 Rf8 13. Qf4 Kb8 14. Rfb1 h6 15. Nf3 Ka8 16. a4 Qd8 17. Ra2 f6 18. exf6 Nxf6 19. Rba1 Ne4 20. Qe3 g5 21. a5 a6 22. Rf1 Be8 23. h3 Bg6 24. Nh2 h5 25. f3 Ng3 26. Rb1 Bf5 27. Nf1 Nxe2+ 28. Qxe2 g4 29. hxg4 hxg4 30. f4 Qh4 31. g3 Qh1+ 32. Kf2 Be4 33. Ke1 Bf3 34. Qe3 Rh2 0-1


[Site "https://www.chess.com"]

[Event "Titled Tuesday Blitz June 13 Early 2023"]
[White "Portela Peleteiro, Alberto"]
[Black "Ciuffoletti, Paolo"]
[WhiteFideId "22276106"]
[BlackFideId "807630"]
[WhiteElo "2353"]
[BlackElo "2143"]
[Result "1-0"]
[Round "1"]
[TimeControl "180+2"]
[Date "2023.06.13"]
[WhiteClock "0:00:52"]
[BlackClock "0:00:00"]
[Board "196"]

1. e4 c5 2. Ne2 Nc6 3. g3 d5 4. Bg2 Nf6 5. exd5 Nxd5 6. Nbc3 Nxc3 7. bxc3 g6 8. O-O Bg7 9. d3 O-O 10. Be3 Qa5 11. d4 Bg4 12. f3 cxd4 13. cxd4 Bf5 14. c3 Qa6 15. Re1 Na5 16. Bf2 Rac8 17. g4 Bd3 18. Nf4 Rxc3 19. Nd5 Bc2 20. Qd2 Rc4 21. Bf1 b5 22. Nxe7+ Kh8 23. Bxc4 Nxc4 24. Qxc2 1-0


[Site "https://www.chess.com"]

[Event "Titled Tuesday Blitz June 13 Early 2023"]
[White "Chemin, Justo Reinaldo"]
[Black "ATM622"]
[WhiteFideId "2101580"]
[WhiteElo "1940"]
[BlackElo "2569"]
[Result "0-1"]
[Round "1"]
[TimeControl "180+2"]
[Date "2023.06.13"]
[WhiteClock "0:00:43"]
[BlackClock "0:02:25"]
[Board "197"]

1. d4 Nf6 2. Nf3 d5 3. c4 e6 4. Nc3 c5 5. e3 Nc6 6. Be2 Be7 7. O-O O-O 8. a3 cxd4 9. exd4 dxc4 10. Bxc4 b6 11. Re1 Bb7 12. Bg5 Rc8 13. Ba2 h6 14. Bh4 Nh5 15. Bxe7 Qxe7 16. Rc1 Nf4 17. Bb1 Rfd8 18. Re4 g5 19. Qc2 Qf6 20. Ne5 Nxd4 21. Rxf4 gxf4 22. Qh7+ Kf8 23. Ng4 Qg7 24. Qxg7+ Kxg7 25. h4 Rxc3 26. Rxc3 Ne2+ 27. Kh2 Nxc3 28. bxc3 f5 29. Ne5 Rd2 0-1


[Site "https://www.chess.com"]

[Event "Titled Tuesday Blitz June 13 Early 2023"]
[White "Han, Yichen"]
[Black "le-castor-faineant"]
[WhiteFideId "1054430"]
[WhiteElo "2342"]
[BlackElo "2187"]
[Result "0-1"]
[Round "1"]
[TimeControl "180+2"]
[Date "2023.06.13"]
[WhiteClock "0:00:01"]
[BlackClock "0:00:28"]
[Board "198"]

1. e4 e5 2. f4 exf4 3. Nf3 d5 4. exd5 Nf6 5. c4 c6 6. d4 cxd5 7. Nc3 Bb4 8. Bxf4 O-O 9. Be2 dxc4 10. O-O Nc6 11. Bxc4 Bg4 12. d5 Na5 13. Qa4 Qb6+ 14. Kh1 Nxc4 15. a3 Nxb2 16. Qxb4 Qxb4 17. axb4 Nd3 18. Bd6 Rfd8 19. Be7 Re8 20. d6 Nxb4 21. Ne5 Be6 22. Nb5 Nfd5 23. Rxa7 Rxa7 24. Nxa7 Nxe7 25. dxe7 Rxe7 26. h4 Bd5 27. Nf3 b6 28. Nb5 Bc4 29. Rb1 Nd5 30. Nbd4 g6 31. Rc1 b5 32. Nc6 Re2 33. Nce5 Ne3 34. Nxc4 bxc4 35. Ne1 c3 36. Kh2 c2 37. Kg3 Rxe1 38. Rxe1 Nd1 39. Re8+ Kg7 40. Rc8 Ne3 41. Kf3 Nf5 42. g3 h5 43. Ke4 Nxg3+ 44. Kf4 c1=Q+ 45. Rxc1 Ne2+ 0-1


[Site "https://www.chess.com"]

[Event "Titled Tuesday Blitz June 13 Early 2023"]
[White "Jaivardhan Raj"]
[Black "Gavrilov, Maxim"]
[WhiteFideId "25744437"]
[BlackFideId "24271454"]
[WhiteElo "1772"]
[BlackElo "1969"]
[Result "0-1"]
[Round "1"]
[TimeControl "180+2"]
[Date "2023.06.13"]
[WhiteClock "0:00:05"]
[BlackClock "0:00:34"]
[Board "199"]

1. e4 c5 2. Nf3 d6 3. d4 cxd4 4. Qxd4 Nc6 5. Bb5 Bd7 6. Bxc6 Bxc6 7. Nc3 Nf6 8. Bg5 e6 9. O-O-O Be7 10. Qd2 O-O 11. Rhe1 h6 12. Bxf6 Bxf6 13. Nd4 Qa5 14. Kb1 Rfd8 15. f3 Rac8 16. Nd5 Qxd2 17. Nxf6+ gxf6 18. Rxd2 Be8 19. Red1 Kf8 20. a3 Ke7 21. f4 Rc4 22. g4 Bd7 23. b3 Rc5 24. f5 Re5 25. Re1 Rg8 26. h3 d5 27. Rde2 dxe4 28. Rxe4 Rxe4 29. Rxe4 e5 30. Ne2 h5 31. Nc3 Bc6 32. Rc4 hxg4 33. h4 g3 34. Ne2 g2 35. Ng1 Rg3 36. h5 Re3 37. Kb2 Re1 38. Rxc6 bxc6 39. Nf3 Rf1 40. h6 Rxf3 41. h7 Rh3 42. h8=Q Rxh8 0-1


[Site "https://www.chess.com"]

[Event "Titled Tuesday Blitz June 13 Early 2023"]
[White "Srdanovic, Jovana"]
[Black "Fabris, Alberto"]
[WhiteFideId "954810"]
[BlackFideId "801348"]
[WhiteElo "2155"]
[BlackElo "2173"]
[Result "1-0"]
[Round "1"]
[TimeControl "180+2"]
[Date "2023.06.13"]
[WhiteClock "0:00:08"]
[BlackClock "0:00:03"]
[Board "200"]

1. e4 c5 2. Nf3 d6 3. d4 cxd4 4. Nxd4 Nf6 5. Nc3 a6 6. Be2 e5 7. Nb3 Be7 8. Be3 O-O 9. a4 Nbd7 10. Qd2 Qc7 11. O-O Nc5 12. Nxc5 dxc5 13. Bc4 b6 14. Qe2 Bb7 15. Rad1 Nxe4 16. Nd5 Qd8 17. Nf6+ Nxf6 18. Rxd8 Rfxd8 19. Bg5 e4 20. Bf4 Rd7 21. Rd1 Rxd1+ 22. Qxd1 Rd8 23. Qe2 a5 24. Bc7 Rd4 25. Bxb6 h5 26. h3 Nd7 27. Bxa5 Ne5 28. Bb5 Bg5 29. Bc3 Rd5 30. a5 f5 31. a6 Ba8 32. Bc4 Nxc4 33. Qxc4 Kh7 34. Qe2 Kh6 35. g3 h4 36. Kh2 hxg3+ 37. fxg3 e3 38. h4 Bf6 39. Qxe3+ Kg6 40. Bxf6 Kxf6 41. Qg5+ Kf7 42. c4 Re5 43. Qf4 Re2+ 44. Kg1 Rxb2 45. Qxf5+ Ke7 46. Qxc5+ Ke6 47. Qe3+ Kf7 48. Qf4+ Kg8 49. Qd4 Rg2+ 50. Kf1 Rxg3 51. Qd8+ Kh7 52. Qxa8 Rg4 53. Kf2 Rxh4 54. Qb7 Rxc4 55. a7 Rc2+ 56. Ke3 Rc3+ 57. Kd4 Rg3 58. a8=Q Rg4+ 59. Qe4+ Rxe4+ 60. Qxe4+ Kh6 61. Ke3 Kg5 62. Kf3 g6 63. Qf4+ Kh5 64. Qg4+ Kh6 65. Kf4 Kg7 66. Kg5 Kf7 67. Qe4 1-0


[Site "https://www.chess.com"]

[Event "Titled Tuesday Blitz June 13 Early 2023"]
[White "campochess"]
[Black "Ozates, Tuna"]
[BlackFideId "6354521"]
[WhiteElo "2170"]
[BlackElo "2151"]
[Result "1-0"]
[Round "1"]
[TimeControl "180+2"]
[Date "2023.06.13"]
[WhiteClock "0:00:22"]
[BlackClock "0:00:59"]
[Board "201"]

1. d4 f5 2. Bg5 Nf6 3. Bxf6 exf6 4. e3 d5 5. c4 Bb4+ 6. Nc3 O-O 7. Bd3 dxc4 8. Bxc4+ Kh8 9. Ne2 b6 10. O-O Bb7 11. Ng3 g6 12. Rc1 Qd7 13. Qb3 Bd6 14. Bd5 c6 15. Bf3 Na6 16. a3 Nc7 17. e4 Bxg3 18. hxg3 f4 19. gxf4 Qxd4 20. Rfd1 Qc5 21. Nd5 Qxc1 22. Rxc1 Ne6 23. Ne7 Nd4 24. Qe3 c5 25. Nd5 Rae8 26. Qd3 Rd8 27. b4 f5 28. bxc5 bxc5 29. Rxc5 Ne6 30. Qc3+ Kg8 31. Rb5 Rc8 32. Nf6+ Kh8 33. Qb2 Bc6 34. Re5 Rb8 35. Qc3 Nxf4 36. Nd5 Bxd5 37. Re7+ 1-0


[Site "https://www.chess.com"]

[Event "Titled Tuesday Blitz June 13 Early 2023"]
[White "Golubev, Mikhail"]
[Black "Fernandez Sanchez, Mario Andres"]
[WhiteFideId "14100983"]
[BlackFideId "6501621"]
[WhiteElo "2374"]
[BlackElo "2050"]
[Result "0-1"]
[Round "1"]
[TimeControl "180+2"]
[Date "2023.06.13"]
[WhiteClock "0:00:00"]
[BlackClock "0:00:14"]
[Board "202"]

1. e4 c5 2. Nf3 Nc6 3. Nc3 g6 4. d4 cxd4 5. Nxd4 Bg7 6. Be3 Nf6 7. Bc4 O-O 8. Bb3 a5 9. O-O a4 10. Nxa4 Nxe4 11. Nb5 Ra6 12. f3 Nf6 13. c4 Na5 14. Nac3 d6 15. Qe2 Be6 16. Rad1 Qc8 17. Na3 Nd7 18. Nd5 Bxd5 19. Rxd5 Nxb3 20. axb3 Nc5 21. Qc2 Rb6 22. Bxc5 dxc5 23. Nb5 e6 24. Rd3 Rd8 25. Rfd1 Rxd3 26. Rxd3 Ra6 27. Qd2 Bf6 28. Qf4 Kg7 29. Nd6 Ra1+ 30. Kf2 Qf8 31. Qd2 Rb1 32. Kg3 Rxb2 33. Qf4 Qe7 34. Kh3 h5 35. Qe4 Bd4 36. Nxb7 e5 37. Na5 Qd7+ 38. g4 hxg4+ 39. fxg4 Qd8 40. Kg3 Qxa5 41. Rf3 Qc7 42. h4 Qe7 43. h5 Qg5 44. h6+ Qxh6 0-1


[Site "https://www.chess.com"]

[Event "Titled Tuesday Blitz June 13 Early 2023"]
[White "Osuna Vega, Enrique"]
[Black "Zavgorodniy, Sergiy"]
[WhiteFideId "2219549"]
[BlackFideId "14110148"]
[WhiteElo "2161"]
[BlackElo "2402"]
[Result "1-0"]
[Round "1"]
[TimeControl "180+2"]
[Date "2023.06.13"]
[WhiteClock "0:00:15"]
[BlackClock "0:01:16"]
[Board "203"]

1. e4 c6 2. Nf3 d5 3. Nc3 Bg4 4. h3 Bxf3 5. Qxf3 dxe4 6. Nxe4 Nd7 7. d4 Ngf6 8. Nxf6+ Nxf6 9. c3 e6 10. Bg5 Be7 11. Bd3 O-O 12. O-O-O Nd5 13. Bd2 Bg5 14. Qh5 Bxd2+ 15. Rxd2 g6 16. Qh6 Qf6 17. h4 Qf4 18. Qxf4 Nxf4 19. Bf1 h5 20. g3 Nd5 21. Bg2 Rfd8 22. Bxd5 cxd5 23. f3 Kg7 24. f4 b5 25. Re1 Rdc8 26. Kd1 a5 27. Ke2 b4 28. Rc2 Rc4 29. Rec1 Rac8 30. Kd2 Kf6 31. Kd3 Kf5 32. cxb4 Rxc2 33. Rxc2 Rxc2 34. Kxc2 axb4 35. a4 bxa3 36. bxa3 Kf6 37. Kb3 Ke7 38. Kb4 Kd6 39. Kb5 f6 40. a4 e5 41. fxe5+ fxe5 42. dxe5+ Kxe5 43. Kb4 d4 44. a5 Ke4 45. a6 d3 46. a7 d2 47. a8=Q+ Ke3 48. Qe8+ Kf2 49. Qd7 Ke2 50. Qe6+ Kf2 51. Qd5 Ke2 52. Qe4+ Kf2 53. Qd3 Ke1 54. Qe3+ Kd1 55. Kc3 Kc1 56. Qxd2+ Kb1 57. Qb2# 1-0


[Site "https://www.chess.com"]

[Event "Titled Tuesday Blitz June 13 Early 2023"]
[White "Skawinski, Arkadiusz"]
[Black "Novikova, Margarita"]
[WhiteFideId "1126415"]
[BlackFideId "14109689"]
[WhiteElo "2218"]
[BlackElo "2013"]
[Result "1-0"]
[Round "1"]
[TimeControl "180+2"]
[Date "2023.06.13"]
[WhiteClock "0:00:25"]
[BlackClock "0:00:00"]
[Board "204"]

1. e4 d5 2. exd5 Qxd5 3. Nc3 Qd6 4. d4 Nf6 5. Nf3 c6 6. g3 Bg4 7. Bg2 e6 8. O-O Qc7 9. h3 Bh5 10. g4 Bg6 11. Ne5 Bd6 12. Qe2 Nbd7 13. Re1 O-O-O 14. h4 h5 15. Nxg6 fxg6 16. g5 Ng4 17. Ne4 Bf4 18. f3 Bxc1 19. fxg4 Bxb2 20. Rad1 Qf4 21. Rf1 Qxg4 22. Qxg4 hxg4 23. Nd6+ Kc7 24. Nf7 Rxh4 25. Nxd8 Kxd8 26. Rf7 g3 27. Kf1 Ke8 28. Rxg7 Rf4+ 29. Ke1 Rf2 30. Rd3 Rxg2 31. Rxg6 Nf8 32. Rg7 Ba3 33. Rxa3 Rh2 34. Rxa7 Rh1+ 35. Ke2 Rh2+ 36. Kf3 Rf2+ 37. Kxg3 Rf7 38. Rxf7 Kxf7 39. Rxb7+ Kg6 40. Kg4 1-0


[Site "https://www.chess.com"]

[Event "Titled Tuesday Blitz June 13 Early 2023"]
[White "LionKing2367890"]
[Black "Gontcharov, Vladislav"]
[BlackFideId "4123492"]
[WhiteElo "2151"]
[BlackElo "2420"]
[Result "0-1"]
[Round "1"]
[TimeControl "180+2"]
[Date "2023.06.13"]
[WhiteClock "0:00:13"]
[BlackClock "0:00:43"]
[Board "205"]

1. e3 Nf6 2. d4 g6 3. Nf3 Bg7 4. Bd3 d6 5. O-O O-O 6. Nbd2 c5 7. c3 Nc6 8. h3 e5 9. Qc2 Qe7 10. dxe5 dxe5 11. e4 Nh5 12. Nc4 Nf4 13. Bxf4 exf4 14. Rae1 Be6 15. a4 Rac8 16. Qd2 g5 17. Qc2 g4 18. hxg4 Bxg4 19. Ncd2 Ne5 20. Nxe5 Bxe5 21. f3 Be6 22. Nc4 Bxc4 23. Bxc4 Kh8 24. g4 fxg3 25. f4 Bb8 26. e5 Qh4 27. Qg2 Rc6 28. Rf3 Rg6 29. f5 Rg5 30. b3 a6 31. Bd5 b5 32. Re4 Qh6 33. axb5 axb5 34. c4 bxc4 35. bxc4 Bc7 36. e6 fxe6 37. Rxe6 Qh2+ 38. Kf1 Rb8 39. Re1 Rb2 40. Re2 Rb1+ 0-1


[Site "https://www.chess.com"]